 Dungeon Crawl Stone Soup version 0.28-a0-861-ge64d6db94f (webtiles) character file.

Game seed: 17581464544198209973

337 AlleluiaPinecone the Chopper (level 6, -2/53 HPs)
             Began as a Hill Orc Fighter on Nov 15, 2021.
             Slain by an ogre (23 damage)
             ... on level 4 of the Dungeon.
             The game lasted 00:07:25 (3910 turns).

AlleluiaPinecone the Chopper (Hill Orc Fighter)     Turns: 3910, Time: 00:07:25

Health: -2/53      AC: 10    Str: 19    XL:     6   Next: 54%
Magic:  6/6        EV:  7    Int:  8    God:
Gold:   215        SH:  5    Dex: 12    Spells: 5/5 levels left

rFire   x . .      SeeInvis .   a - +0 scimitar (vorpal)
rCold   + . .      Faith    .   c - +0 buckler
rNeg    . . .      Spirit   .   m - +0 chain mail
rPois   .          Reflect  .   (no helmet)
rElec   .          Harm     .   (no cloak)
rCorr   +          Rampage  .   (no gloves)
Will    .....                   k - +0 pair of boots
Stlth   ..........              l - amulet of magic regeneration
HPRegen 0.17/turn               i - ring of ice
MPRegen 0.35/turn               y - ring of resist corrosion

@: mighty
A: no striking features
a: no special abilities


You were on level 4 of the Dungeon.
You visited 1 branch of the dungeon, and saw 5 of its levels.

You collected 215 gold pieces.

Inventory:

Hand Weapons
 a - a +0 vorpal scimitar (weapon)
 b - a +1 vorpal hunting sling
Missiles
 g - 7 poisoned darts (quivered)
 h - 120 stones
 j - 45 arrows
 t - 9 sling bullets
 u - 3 javelins
 A - 9 boomerangs
Armour
 c - a +0 buckler (worn)
 k - a +0 pair of boots (worn)
 m - a +0 chain mail (worn)
Jewellery
 i - a ring of ice (left hand)
 l - an amulet of magic regeneration (around neck)
 y - a ring of resist corrosion (right hand)
Wands
 q - a wand of mindburst (17)
 s - a wand of digging (5)
Scrolls
 f - 3 scrolls of identify {unknown}
 n - a scroll of teleportation {unknown}
 r - a scroll of acquirement {unknown}
 v - a scroll of magic mapping {unknown}
 w - a scroll of immolation {unknown}
 x - a scroll of noise {unknown}
Potions
 d - a potion of might
 e - 2 potions of attraction {unknown}
 o - a potion of flight {unknown}
 z - a potion of resistance {unknown}
 B - a potion of curing {unknown}


   Skills:
 + Level 4.5 Fighting
 * Level 1.5 Long Blades
 - Level 5.7 Axes
 + Level 2.0 Slings
 + Level 4.2 Armour
 + Level 0.5 Dodging
 + Level 4.0 Shields


You had 5 spell levels left.
You didn't know any spells.
Your spell library contained the following spells:

 Spells                   Type           Power      Damage    Failure   Level
 Sublimation of Blood     Necr           0%         N/A       100%        2
 Wereblood                Tmut           0%         N/A       100%        2
 Summon Hydra             Summ           0%         N/A       100%        7


Dungeon Overview and Level Annotations

Branches:
Dungeon (5/15)
 Temple: D:4-7

Altars:


Message History

No target in view!
No target in view!
No target in view!
No target in view!
No target in view!
You start resting.
HP restored.
You start waiting.
Done waiting.
You climb downwards.
The ufetubus shouts!
The centaur shoots an arrow.
The arrow hits you!
The centaur shoots an arrow.
The arrow hits you but does no damage. The ogre hits you with a +0 giant club.
There is a stone staircase leading up, spattered with blood here.
The centaur shoots an arrow.
The arrow barely misses you.
The centaur shoots an arrow.
The arrow hits you! The ogre hits you with a +0 giant club!
You climb upwards.
There is a stone staircase leading down here.
You are too injured to fight recklessly!
You are too injured to fight recklessly!
You are too injured to fight recklessly!
You are too injured to fight recklessly!
You are too injured to fight recklessly!
You are too injured to fight recklessly!
You are too injured to fight recklessly!
You are too injured to fight recklessly!
You are too injured to fight recklessly!
You are too injured to fight recklessly!
You are too injured to fight recklessly!
You are too injured to fight recklessly!
You are too injured to fight recklessly!
You are too injured to fight recklessly!
You are too injured to fight recklessly!
You are too injured to fight recklessly!
You feel very mighty all of a sudden.
You hit the ogre.
The ogre is moderately wounded.
The ogre hits you with a +0 giant club!!
You die...

....##.........#.#
....##########.#.#
....##########.#.#
............##.#.#
...).)......##.#.#
.....)......##.#.###
....).......##.....#
............####O#.#
............'...@#.######
............##.#........#
............##÷#.#.####.#
............##÷#.#......#
............##.#.########
............##.#.....#
............##.#####.#
[...#####'####.# #.#
....#####.####.# #[#


You could see an ogre.

Vanquished Creatures
  Blork the orc (D:4)
  A scorpion (D:3)
  2 hounds (D:4)
  A bullfrog skeleton (D:4)
  3 adders
  An adder skeleton (D:4)
  3 dart slugs
  9 orcs
  6 bats
  6 endoplasms
  4 giant cockroaches
  6 goblins
  6 hobgoblins
  8 jackals
  8 kobolds
  2 quokkas
  A ball python (D:4)
  A frilled lizard (D:3)
  9 rats
78 creatures vanquished.

Notes
Turn   | Place    | Note
-------+----------+-------------------------------------------
     0 | D:1      | AlleluiaPinecone the Hill Orc Fighter began the quest for
                  | the Orb.
     0 | D:1      | Reached XP level 1. HP: 19/19 MP: 1/1
   123 | D:1      | Reached XP level 2. HP: 25/27 MP: 2/2
   257 | D:1      | Reached skill level 3 in Axes
   628 | D:1      | Reached XP level 3. HP: 27/33 MP: 3/3
  1988 | D:3      | Reached skill level 4 in Axes
  1988 | D:3      | Reached XP level 4. HP: 35/40 MP: 4/4
  1995 | D:3      | Reached skill level 1 in Slings
  2448 | D:3      | Noticed a scorpion
  2452 | D:3      | Killed a scorpion
  2453 | D:3      | Reached XP level 5. HP: 46/46 MP: 5/5
  3079 | D:4      | Noticed Blork the orc
  3092 | D:4      | Killed Blork the orc
  3093 | D:4      | Reached skill level 5 in Axes
  3093 | D:4      | Reached XP level 6. HP: 40/52 MP: 6/6
  3554 | D:4      | Reached skill level 1 in Long Blades
  3739 | D:5      | Entered Level 5 of the Dungeon
  3910 | D:4      | Slain by an ogre

Illustrated notes

Levels and vault maps discovered:
D:1:      minmay_arrival_three_doors, layout_basic
D:2:      layout_basic
D:3:      wander_river, layout_loops_cross
D:4:      layout_basic, uniq_blork_the_orc
D:5:      layout_basic, serial_shops, shop

Skill      XL: |  1  2  3  4  5  6 |
---------------+-------------------+-----
Axes           | 3 4 5 |  5.7
Fighting       | 4 |  4.5
Slings         | 2 |  2.0
Armour         | 4 |  4.2
Long Blades    | 1 |  1.5
Shields        | 4 |  4.0
Dodging        | |  0.5

Action                   |  1- 3 |  4- 6 || total
-------------------------+-------+-------++-------
Melee: War axe           |    43 |    81 ||   124
       Scimitar          |       |    43 ||    43
 Fire: Hunting sling     |    36 |    24 ||    60
Throw: Dart              |       |     3 ||     3
       Boomerang         |       |     1 ||     1
  Use: Potion            |       |     1 ||     1
Armor: Scale mail        |    18 |       ||    18
       Chain mail        |     7 |    80 ||    87
Dodge: Dodged            |    27 |    61 ||    88
Block: Buckler           |    13 |    42 ||    55

Table legend: (Time is in decaauts)
 A = Elapsed time spent in this place.
 B = Non-inter-level travel time spent in this place.
 C = Inter-level travel time spent in this place.
 D = Time resting spent in this place.
 E = Time spent auto-exploring this place.
 F = Levels seen in this place.
 G = Mean time per level.
                   A        B        C        D        E       F      G
               +--------+--------+--------+--------+--------+-----+--------+
         Total |   3998 |   3873 |    125 |    283 |   2986 |   5 |  799.6 |
       Dungeon |   3998 |   3873 |    125 |    283 |   2986 |   5 |  799.6 |
               +--------+--------+--------+--------+--------+-----+--------+

Top non-repeatable levels by time:
     D:4: 1033 daAuts
     D:1: 999 daAuts
     D:3: 982 daAuts
     D:2: 975 daAuts
     D:5: 8 daAuts
